← All builds
Front / Legion / Economy first / OBSERVED BUILD

Standard front

Legion Front build order · Supreme Isthmus

Builds a Legion Vehicle Plant immediately, fights with Lance and Barrage toward middle, and takes an Advanced Metal Extractor around 9:22 as the standard eco-first Front play.

#eco · 56 distinct matches · 24 players · 81% of Legion Front games · team won 58% of 59 · Recently observed

HOW TO PLAY IT

Key timing: Legion Vehicle Plant by 0:55

  1. Take mex and wind, then rush Legion Vehicle Plant immediately.
  2. Finish Legion Vehicle Plant fast to start Barrage and Lance.
  3. Send first units to the coast to stop leaks, not middle.
  4. Push Barrage and Lance to the coast line before moving to mid.
  5. Add Advanced Metal Extractor and keep mixed vehicle army flowing.

Phase by phase

TYPICAL OF ITS 56 GAMES
  1. 1
  2. 2
  3. 3
PLAY THE OPENING

Follow the example game's first 6:00 step by step: what to build now, what comes next, and where it goes. At 1× it keeps pace with your own game.

  1. 1

    Up to the Legion Vehicle Plant

    Economy
    • Metal Extractor2Mex
    • Wind Turbine1Wind
    Order
    1. Legion Vehicle PlantLegion Vehicle Plant after 2 mex, 1 winddone ~0:47, middle half 0:37–0:55

    By 0:24 in all: 2 mex · 1 wind

    The example game in this phase · 3 steps
    1. Mex ×2
    2. Wind
    3. Legion Bot LabLegion Bot Labdone 0:40
  2. 2

    Legion Vehicle Plant to 5:00

    Economy
    • Metal Extractor4Mex
    • Wind Turbine7Wind
    Builders
    • Legion Construction Vehicle2 Legion Construction Vehicle
    Army
    • Pharos3 Pharos
    • Wheelie3 Wheelie
    • Lance3 Lance
    • Barrage2 Barrage

    Some games also: Decurion (47%) · con turret (41%) · Radar Tower (37%)

    By 5:00 in all: 6 mex · 8 wind

    The example game in this phase · 23 steps
    1. GoblinGoblin
    2. Mex
    3. GoblinGoblin ×2
    4. Solar
    5. GoblinGoblin ×2
    6. ZagreusZagreus
    7. Legion Construction BotLegion Construction Bot ×2
    8. KarkinosKarkinos ×2
    9. Mex
    10. KarkinosKarkinos
    11. Mex
    12. KarkinosKarkinos
    13. PharosPharos
    14. KarkinosKarkinos
    15. Con turret
    16. ZagreusZagreus
    17. Mex
    18. Legion Construction BotLegion Construction Bot
    19. KarkinosKarkinos
    20. Radar TowerRadar Tower
    21. KarkinosKarkinos
    22. Legion Construction BotLegion Construction Bot ×2
    23. Con turret
  3. 3

    5:00 to 10:00

    Economy
    • Metal Extractor1Mex
    • Wind Turbine17Wind
    Builders
    • Construction Turret1 Con turret
    Army
    • Pharos2 Pharos
    • Lance3 Lance

    Some games also: Decurion (46%) · Legion Construction Vehicle (46%) · energy storage (42%) · Radar Tower (41%) · Barrage (39%)

    By 10:00 in all: 7 mex · 24 wind · 1 energy storage · 2 con turret

    The example game in this phase · 148 steps
    1. Solar
    2. KarkinosKarkinos
    3. Solar
    4. Radar TowerRadar Tower
    5. KarkinosKarkinos ×2
    6. NyxNyx
    7. KarkinosKarkinos
    8. Solar
    9. ZagreusZagreus
    10. Con turret
    11. Legion Construction BotLegion Construction Bot
    12. Solar
    13. KarkinosKarkinos ×3
    14. CacophonyCacophony
    15. KarkinosKarkinos
    16. Wind
    17. KarkinosKarkinos
    18. Wind ×3
    19. KarkinosKarkinos
    20. Wind
    21. ZagreusZagreus
    22. Wind
    23. Legion Construction BotLegion Construction Bot
    24. Wind
    25. KarkinosKarkinos
    26. Wind
    27. KarkinosKarkinos
    28. Wind
    29. Advanced solar
    30. KarkinosKarkinos
    31. Wind
    32. Con turret ×2
    33. Advanced Metal ExtractorT2 mexdone 9:51 · typical 9:13
    34. Wind ×4
    35. Legion Construction BotLegion Construction Bot
    36. Wind
    37. Advanced Metal ExtractorT2 mex
    38. Legion Construction BotLegion Construction Bot
    39. BrambleBramble ×3
    40. Wind
    41. BrambleBramble
    42. Legion Construction BotLegion Construction Bot
    43. Advanced solar
    44. Advanced Metal ExtractorT2 mex
    45. Legion Construction BotLegion Construction Bot ×3
    46. Advanced solar
    47. Legion Construction BotLegion Construction Bot
    48. Energy storage
    49. Advanced Metal ExtractorT2 mex
    50. Legion Construction BotLegion Construction Bot
    51. Advanced solar ×2
    52. Legion Construction BotLegion Construction Bot
    53. Converter
    54. Advanced Metal ExtractorT2 mex
    55. Converter
    56. Advanced solar ×2
    57. Converter
    58. Con turret
    59. Advanced Metal ExtractorT2 mex
    60. Con turret
    61. GoblinGoblin
    62. Converter
    63. GoblinGoblin
    64. Radar TowerRadar Tower
    65. GoblinGoblin
    66. Advanced solar
    67. GoblinGoblin ×4
    68. Legion Bot LabLegion Bot Labdone 13:05
    69. GoblinGoblin
    70. Converter
    71. GoblinGoblin
    72. Advanced solar
    73. Fortification WallFortification Wall ×2
    74. ZagreusZagreus
    75. Con turret
    76. GoblinGoblin
    77. Fortification WallFortification Wall ×2
    78. GoblinGoblin ×2
    79. Converter
    80. HiveHive
    81. GoblinGoblin ×3
    82. Advanced solar
    83. GoblinGoblin ×2
    84. ZagreusZagreus
    85. GoblinGoblin ×4
    86. Converter
    87. GoblinGoblin ×3
    88. Legion DroneLegion Drone ×2
    89. GoblinGoblin
    90. Legion DroneLegion Drone
    91. ToxotaiToxotai
    92. GoblinGoblin ×3
    93. HiveHive
    94. Legion DroneLegion Drone
    95. GoblinGoblin
    96. Fortification WallFortification Wall
    97. GoblinGoblin ×3
    98. Converter
    99. Fortification WallFortification Wall
    100. GoblinGoblin
    101. Advanced solar
    102. GoblinGoblin
    103. Fortification WallFortification Wall
    104. GoblinGoblin
    105. Con turret
    106. GoblinGoblin
    107. Legion DroneLegion Drone
    108. Fortification WallFortification Wall
    109. GoblinGoblin ×3
    110. Fortification WallFortification Wall
    111. GoblinGoblin ×3
    112. Fortification WallFortification Wall
    113. Legion DroneLegion Drone
    114. GoblinGoblin
    115. Fortification WallFortification Wall
    116. GoblinGoblin
    117. Converter
    118. GoblinGoblin
    119. Fortification WallFortification Wall
    120. GoblinGoblin ×2
    121. ZagreusZagreus ×2
    122. Legion DroneLegion Drone ×2
    123. NyxNyx
    124. Legion DroneLegion Drone
    125. Fortification WallFortification Wall
    126. Legion DroneLegion Drone
    127. GoblinGoblin ×4
    128. RattlesnakeRattlesnakenot finished by 15:00
    129. GoblinGoblin ×2
    130. Converter
    131. Legion DroneLegion Drone ×2
    132. ToxotaiToxotai
    133. GoblinGoblin
    134. Advanced solar
    135. GoblinGoblin
    136. HiveHive
    137. GoblinGoblin
    138. Legion DroneLegion Drone ×2
    139. GoblinGoblin ×2
    140. Converter
    141. GoblinGoblin
    142. Legion DroneLegion Drone ×2
    143. GoblinGoblin
    144. Legion DroneLegion Drone
    145. GoblinGoblin
    146. Legion DroneLegion Drone ×2
    147. GoblinGoblin
    148. Legion DroneLegion Drone ×2

Counts are medians over the build's games: half of them build more, half fewer. The example game is TheGeneraI's (32 OS, 10/10/2026); pick another.

Team trades

IN AT LEAST 30% OF ITS GAMES

You hand over

Nothing regular.

You get

  • Tidal Generator4 Tidal from Pondfirst at 0:15 · in 39% of games
  • Tidal Generator4 Tidal from Pondfirst at 0:17 · in 34% of games
  • Advanced Construction Bot1 T2 con bot from Geo or Techfirst at 7:21 · in 46% of games

How it plays out

Typical game of this build, running totals by minute

Metal produced

010k20k30k
0:005:0010:0015:00

metal

Enemy metal destroyed

02.5k5k7.5k
0:005:0010:0015:00

metal

Own metal lost

05k10k
0:005:0010:0015:00

metal

59 games.

Show as table
ByMetal produced: This buildEnemy metal destroyed: This buildOwn metal lost: This build
1:0033000
2:008382123
3:0016389369
4:002737275204
5:003791660400
6:0049471490930
7:00609523701439
8:00734930131961
9:00889037552931
10:001041143813770
11:001252947474213
12:001457657794939
13:001624661086040
14:001891267966680
15:002093572128266
WHAT THE NUMBERS SAY

Standard front play, won more often than the other front position's economy-first build with less metal produced.

  • + Won 59% of games despite producing less metal than Geo sea's build.
  • − Loses more metal early than it destroys (333 lost vs 602 destroyed by 5:00 is the only positive window).
THE EXAMPLE YOU ARE READING

TheGeneraI

31.7 OS · 10/10/2026

Open source match ↗

5 received units · includes a constructor
64 metal received · 40698 energy received

Allied construction assistance is unknown. Timings are observations, not a promise of solo reproducibility.

Typical milestones

Legion Vehicle Plant0:47Middle 50%: 0:37–0:55 · n=42
Advanced Metal Extractor9:13Middle 50%: 8:38–10:20 · n=39

Played most by

Hummell13games of this buildXuunnY8games of this buildXXMACGAMERXX5games of this build[Crd]Atlas4games of this buildTheGeneraI3games of this build